 Dungeon Crawl Stone Soup version 0.27-a0-1281-ge233d83751 (webtiles) character file.

Game seed: 10759425732043435556

1636 27snakeeyes612 the Skirmisher (level 8, -4/71 HPs)
             Began as a Ghoul Fighter on June 14, 2021.
             Was a Follower of Makhleb.
             Slain by Joseph (17 damage)
             ... on level 7 of the Dungeon.
             The game lasted 00:04:33 (7246 turns).

27snakeeyes612 the Skirmisher (Ghoul Fighter)       Turns: 7246, Time: 00:04:33

Health: -4/71      AC: 11    Str: 22    XL:     8   Next: 98%
Magic:  7/7        EV:  8    Int:  3    God:    Makhleb [*.....]
Gold:   267        SH: 11    Dex:  8    Spells: 7/7 levels left

rFire    . . .     SeeInvis .   a - +0 war axe
rCold    + . .     Faith    .   c - +1 kite shield
rNeg     + + +     Spirit   .   b - +0 scale mail
rPois    ∞         Reflect  .   (no helmet)
rElec    .         Harm     .   j - +0 cloak
rCorr    .         Rampage  .   u - +0 pair of gloves
Will     .....                  s - +0 pair of boots
Stlth    ..........             (no amulet)
HPRegen  0.00/turn              (no ring)
MPRegen  0.10/turn              (no ring)

@: mighty
A: claws 1, cold resistance 1, negative energy resistance 3, inhibited
regeneration, torment resistance 2
a: Renounce Religion


You were on level 7 of the Dungeon.
You worshipped Makhleb.
Makhleb was aware of your devotion.
You visited 2 branches of the dungeon, and saw 8 of its levels.

You collected 267 gold pieces.

Inventory:

Hand Weapons
 a - a +0 war axe (weapon)
Missiles
 l - 2 curare-tipped darts
Armour
 b - a +0 scale mail (worn)
 c - a +1 kite shield (worn)
 i - a +0 pair of boots
 j - a +0 cloak (worn)
 m - a +0 tower shield
 s - a +0 pair of boots (worn)
 u - a +0 pair of gloves (worn)
Jewellery
 q - a ring of ice
 x - an amulet of faith
Wands
 o - a wand of acid (1) (quivered)
 r - a wand of flame (13)
Scrolls
 f - a scroll of blinking {unknown}
 g - 3 scrolls of enchant armour
 h - 4 scrolls of teleportation
 w - a scroll of magic mapping {unknown}
 y - a scroll of immolation {unknown}
 z - 2 scrolls of identify
Potions
 d - 3 potions of might
 e - a potion of curing {unknown}
 k - a potion of invisibility
 n - a potion of attraction
 p - a potion of ambrosia
 t - a potion of magic
 v - a potion of berserk rage


   Skills:
 + Level 6.6 Fighting
 + Level 5.6 Axes
 + Level 5.4 Armour
 - Level 1.4 Dodging
 - Level 0.4 Stealth
 + Level 5.5 Shields


You had 7 spell levels left.
You didn't know any spells.
Your spell library contained the following spells:

 Spells                   Type           Power      Damage    Failure   Level
 Magic Dart               Conj           0%         1d3       99%         1
 Blink                    Tloc           N/A        N/A       100%        2
 Call Imp                 Summ           0%         N/A       100%        2
 Slow                     Hex            0%         N/A       100%        2
 Confusing Touch          Hex            0%         N/A       100%        3
 Conjure Flame            Conj/Fire      0%         6-21      100%        3
 Gell's Gravitas          Tloc           0%         N/A       100%        3
 Mephitic Cloud           Conj/Pois/Air  0%         N/A       100%        3
 Petrify                  Tmut/Erth      0%         N/A       100%        4
 Metabolic Englaciation   Hex/Ice        0%         N/A       100%        5
 Yara's Violent Unravell  Hex/Tmut       0%         3d3       100%        5


Dungeon Overview and Level Annotations

Branches:
Dungeon (7/15)             Temple (1/1) D:4

Altars:
Ashenzari
Cheibriados
Dithmenos
Elyvilon
Fedhas
Gozag
Hepliaklqana
Kikubaaqudgha
Makhleb
Nemelex Xobeh
Okawaru
Qazlal
Ru
Sif Muna
Trog
Uskayaw
Vehumet
Wu Jian
Yredelemnul
Zin
The Shining One
Lugonu

Shops:
D:5 ?

Portals:
Abyss: D:6

Annotations:
D:4 2 transporters, philipeq's ghost, amateur DsFi
D:6 2 runed translucent doors
D:7 Joseph


Innate Abilities, Weirdness & Mutations

You thrive by killing the living.
You are immune to poison.
You have sharp fingernails.
Your flesh is cold resistant. (rC+)
You are immune to negative energy. (rN+++)
You do not regenerate when monsters are visible.
You are immune to unholy pain and torment.


Message History

It is covered in frost.
Joseph shoots a sling bullet.
The sling bullet hits you! The sling bullet freezes you.
Joseph is nearby!
Joseph is nearby!
Joseph drinks a potion.
Joseph seems to grow stronger.
You hit Joseph but do no damage.
Joseph unwields a +1 hunting sling of freezing.
Joseph wields a +0 quarterstaff.
You block Joseph's attack. Joseph hits you with a +0 quarterstaff!
You slash Joseph!
Joseph is lightly wounded.
You block Joseph's attack.
Aiming: Corrosive Bolt
Press: ? - help, Q - select action, (/) - cycle Shift-Dir - straight line, f - Joseph
Aim: Joseph, wielding a +0 quarterstaff, wearing a +0 ring mail and quivering sling bullets (lightly wounded, strong, 75% to hit)
The bolt of acid misses Joseph.
Joseph hits you with a +0 quarterstaff!!
Aiming: Corrosive Bolt
Press: ? - help, Q - select action, (/) - cycle Shift-Dir - straight line, f/p - Joseph
Aim: Joseph, wielding a +0 quarterstaff, wearing a +0 ring mail and quivering sling bullets (lightly wounded, strong, 75% to hit)
The bolt of acid hits Joseph.
Joseph is splashed with acid!
Joseph is moderately wounded.
Joseph hits you with a +0 quarterstaff!!
* * * LOW HITPOINT WARNING * * *
Aiming: Corrosive Bolt
Press: ? - help, Q - select action, (/) - cycle Shift-Dir - straight line, f/p - Joseph
Aim: Joseph, wielding a +0 quarterstaff, wearing a +0 ring mail and quivering sling bullets (moderately wounded, strong, 75% to hit)
The bolt of acid hits Joseph!
Joseph is splashed with acid.
The acid corrodes Joseph!
Joseph is severely wounded.
You block Joseph's attack.
Okay, then.
Drop what? 26/52 slots (_ for help) (? for menu, Esc to quit)
Okay, then.
You feel very mighty all of a sudden. Joseph barely misses you.
You slash Joseph!
Joseph is almost dead.
Joseph hits you with a +0 quarterstaff!
You die...

##...#
##..### #...#
## #..## #.##
#.>## #..#
##..# #####
#..# ##.###
##...###..#
##.##
#.@##.....#
#...
#@#####...###
#### #.
#.....## #.
#..)...### #.
#.#####..# #.
##.# ##.####
#. ##.##
##.... #.
##..# #####
##..##


You could see Joseph (strong, corroded).

Vanquished Creatures
  Prince Ribbit (D:7)
  Sigmund (D:5)
  A steam dragon (D:5)
  A water moccasin (D:6)
  A sky beast (D:6)
  An ice beast (D:5)
  An ogre (D:7)
  A necrophage (D:6)
  A bullfrog (D:6)
  A scorpion (D:4)
  5 wights (D:6)
  2 orc priests
  A hound (D:5)
  3 iguanas (D:6)
  An orc wizard (D:5)
  A hound skeleton (D:5)
  4 gnolls (D:3)
  3 adders
  An ufetubus (D:6)
  An adder skeleton (D:4)
  2 worms
  7 orcs
  2 endoplasms (D:3)
  4 giant cockroaches
  10 hobgoblins
  8 jackals
  7 ball pythons
  4 bats
  4 frilled lizards
  10 goblins
  3 kobolds
  6 rats
99 creatures vanquished.

Notes
Turn   | Place    | Note
-------+----------+-------------------------------------------
     0 | D:1      | 27snakeeyes612 the Ghoul Fighter began the quest for the
                  | Orb.
     0 | D:1      | Reached XP level 1. HP: 19/19 MP: 0/0
   250 | D:1      | Reached XP level 2. HP: 25/26 MP: 1/1
  1040 | D:1      | Reached XP level 3. HP: 30/31 MP: 2/2
  2209 | D:3      | Reached XP level 4. HP: 39/39 MP: 3/3
  2630 | D:3      | Found a faded altar of an unknown god.
  3124 | D:4      | Found a transporter.
  3129 | D:4      | Noticed philipeq's ghost (amateur DsFi)
  3140 | D:4      | Found a transporter.
  3308 | D:4      | Reached skill level 1 in Dodging
  3310 | D:4      | Reached XP level 5. HP: 46/46 MP: 4/4
  3510 | D:4      | Found a staircase to the Ecumenical Temple.
  3721 | Temple   | Entered the Ecumenical Temple
  3868 | Temple   | Became a worshipper of Makhleb the Destroyer
  3976 | D:5      | Entered Level 5 of the Dungeon
  4274 | D:4      | Reached skill level 4 in Fighting
  4492 | D:5      | Reached XP level 6. HP: 39/52 MP: 5/5
  4588 | D:5      | Found Exiraer's Magic Scroll Shoppe.
  4756 | D:5      | Noticed Sigmund
  4760 | D:5      | Killed Sigmund
  4761 | D:5      | Reached XP level 7. HP: 60/60 MP: 6/6
  4936 | D:5      | Found an iron altar of Okawaru.
  4936 | D:5      | Found a sparkling altar of Nemelex Xobeh.
  4943 | D:5      | Found a stormy altar of Qazlal.
  5190 | D:6      | Found a large runed translucent door.
  5190 | D:6      | Found a large runed translucent door.
  5313 | D:6      | Reached skill level 5 in Fighting
  5341 | D:6      | Identified the +2 buckler of Undesirable Species {Fly
                  | rElec}
  5876 | D:6      | Reached * piety under Makhleb
  5877 | D:6      | Reached XP level 8. HP: 35/69 MP: 7/7
  6318 | D:6      | Reached skill level 5 in Axes
  6577 | D:6      | Reached skill level 6 in Fighting
  6577 | D:6      | Reached skill level 5 in Armour
  6577 | D:6      | Reached skill level 5 in Shields
  6767 | D:6      | Found a one-way gate to the infinite horrors of the Abyss.
  7053 | D:6      | Found a corrupted altar of Lugonu.
  7073 | D:7      | Noticed Prince Ribbit
  7088 | D:7      | Killed Prince Ribbit
  7237 | D:7      | Noticed Joseph
  7246 | D:7      | Slain by Joseph

Illustrated notes

Levels and vault maps discovered:
D:1:      mrwooster_arrival_statue_3, layout_loops_ring, serial_forest,
          infiniplex_forest_lined_1, infiniplex_forest_end_double,
          infiniplex_forest_straight_2, infiniplex_forest_diagonal,
          infiniplex_forest_lined_3_way, infiniplex_forest_lined_3_way,
          infiniplex_forest_lined_2, infiniplex_forest_side_room,
          infiniplex_forest_clump_medium
D:2:      layout_basic
D:3:      layout_basic, shapermc_ecumenical_altar_totnotflames
D:4:      layout_basic, minmay_temple_entry_water_ring, gammafunk_ghost_arena,
          st_stairs_4
D:5:      layout_cave_pools, chequers_temple_overflow_minitemple, serial_shops,
          shop, uniq_sigmund
D:6:      due_chaos_kobolds, layout_basic
D:7:      layout_layer_cave, uniq_prince_ribbit1, uniq_pikel, uniq_joseph
Temple:   nicolae_temple_elliptical

Skill      XL: |  1  2  3  4  5  6  7  8 |
---------------+-------------------------+-----
Axes           | 2 3 4 5 |  5.6
Armour         | 3 4 5 |  5.4
Shields        | 3 4 5 |  5.5
Dodging        | 1 |  1.4
Fighting       | 4 5 6 |  6.6
Stealth        | |  0.4

Action                   |  1- 3 |  4- 6 |  7- 9 || total
-------------------------+-------+-------+-------++-------
Melee: War axe           |   133 |   133 |   143 ||   409
Evoke: Wand              |       |     2 |     7 ||     9
  Use: Scroll            |       |       |     9 ||     9
       Potion            |       |       |     1 ||     1
Armor: Scale mail        |    82 |    74 |    80 ||   236
Dodge: Dodged            |    68 |    54 |    41 ||   163
Block: Kite shield       |    74 |    77 |    79 ||   230

Table legend: (Time is in decaauts)
 A = Elapsed time spent in this place.
 B = Non-inter-level travel time spent in this place.
 C = Inter-level travel time spent in this place.
 D = Time resting spent in this place.
 E = Time spent auto-exploring this place.
 F = Levels seen in this place.
 G = Mean time per level.
                   A        B        C        D        E       F      G
               +--------+--------+--------+--------+--------+-----+--------+
         Total |   7488 |   7236 |    252 |    596 |   5553 |   8 |  936.0 |
       Dungeon |   7310 |   7087 |    223 |    596 |   5411 |   7 | 1044.3 |
        Temple |    177 |    148 |     29 |      0 |    142 |   1 |  177.0 |
               +--------+--------+--------+--------+--------+-----+--------+

Top non-repeatable levels by time:
     D:6: 1773 daAuts
     D:1: 1351 daAuts
     D:4: 1197 daAuts
     D:3: 970 daAuts
     D:5: 956 daAuts
     D:2: 884 daAuts
  Temple: 177 daAuts
     D:7: 177 daAuts
